 Dungeon Crawl Stone Soup version 0.24-a0-463-g3510def36b (webtiles) character file.

Game seed: 4737742549798510121

439 vurker the Caller (level 7, -2/50 HPs)
             Began as a Gnoll Summoner on July 2, 2019.
             Slain by an orc wizard
             ... wielding a +0 dagger
              (5 damage)
             ... on level 6 of the Dungeon.
             The game lasted 00:09:31 (5220 turns).

vurker the Caller (Gnoll Summoner)                  Turns: 5220, Time: 00:09:31

Health: -2/50      AC:  7    Str: 10    XL:     7   Next: 1%
Magic:  15/15      EV: 14    Int: 19    God:
Gold:   118        SH:  0    Dex: 16    Spells: 10/16 levels left

rFire    . . .     SeeInvis .   c - +0 dagger
rCold    . . .     Gourm    .   (no shield)
rNeg     . . .     Faith    .   b - +1 leather armour
rPois    .         Spirit   .   (no helmet)
rElec    .         Reflect  .   g - +2 cloak {MR+}
rCorr    .         Harm     .   (no gloves)
MR       +....                  (no boots)
Stlth    +++.......             (no amulet)
HPRegen  0.16/turn              (no ring)
MPRegen  0.14/turn              (no ring)

@: no status effects
A: distributed training, fangs 1, strong nose
a: no special abilities


You were on level 6 of the Dungeon.
You were hungry.

You visited 1 branch of the dungeon, and saw 6 of its levels.

You collected 118 gold pieces.

Inventory:

Hand Weapons
 c - a +0 dagger (weapon)
   (You took it off a kobold on level 1 of the Dungeon)
Armour
 b - a +1 leather armour (worn)
   (You found it on level 1 of the Dungeon)
 g - a +2 cloak of magic resistance (worn)
   (You found it on level 1 of the Dungeon)
Wands
 t - a wand of flame (7)
   (You found it on level 2 of the Dungeon)
 u - a wand of paralysis (2)
   (You found it on level 7 of the Dungeon)
 v - a wand of digging (1)
   (You found it on level 3 of the Dungeon)
Scrolls
 a - 2 scrolls of identify {@r1}
 l - a scroll of remove curse {@r2}
Potions
 d - a potion of haste {unknown}
 i - a potion of ambrosia
 j - a potion of brilliance {unknown}
 k - a potion of curing {unknown}
 m - a potion of agility {unknown}
 p - a potion of berserk rage {unknown}
Comestibles
 e - 3 rations {!d}


   Skills:
 + Level 2.1 Fighting
 + Level 2.1 Short Blades
 + Level 2.1 Long Blades
 + Level 2.1 Axes
 + Level 2.1 Maces & Flails
 + Level 2.1 Polearms
 + Level 2.1 Staves
 + Level 2.1 Slings
 + Level 2.1 Bows
 + Level 2.1 Crossbows
 + Level 2.1 Throwing
 + Level 2.1 Armour
 + Level 5.1 Dodging
 + Level 4.7 Stealth
 + Level 2.1 Shields
 + Level 2.1 Unarmed Combat
 + Level 5.4 Spellcasting
 + Level 1.7 Conjurations
 + Level 1.7 Hexes
 + Level 1.7 Charms
 + Level 7.3 Summonings
 + Level 1.7 Necromancy
 + Level 1.7 Translocations
 + Level 1.7 Transmutations
 + Level 1.7 Fire Magic
 + Level 1.7 Ice Magic
 + Level 1.7 Air Magic
 + Level 1.7 Earth Magic
 + Level 1.7 Poison Magic
 + Level 2.4 Invocations
 + Level 2.1 Evocations


You had 10 spell levels left.
You knew the following spells:

 Your Spells              Type           Power        Failure   Level  Hunger
a - Summon Small Mammal   Summ           ####         1%          1    None
b - Call Imp              Summ           ####....     1%          2    None
d - Call Canine Familiar  Summ           ####....     2%          3    ##.....

Your spell library contained the following spells:

 Spells                   Type           Power        Failure   Level  Hunger
 Summon Guardian Golem    Hex/Summ       ###.....     7%          3    ##.....
 Summon Ice Beast         Ice/Summ       ###.....     24%         4    ####...
 Summon Lightning Spire   Summ/Air       ###.....     24%         4    ####...


Dungeon Overview and Level Annotations

Branches:
Dungeon (7/15)
 Temple: D:4-7

Altars:
Kikubaaqudgha
Nemelex Xobeh
Ru


Innate Abilities, Weirdness & Mutations

Your experience applies equally to all skills.
You have very sharp teeth.
Your uncanny sense of smell can sniff out nearby items.


Message History

You bump into the rock wall.
The orc warrior barely misses your crimson imp.
Your crimson imp blinks!
You hit the orc wizard. Your bite misses the orc wizard.
The orc wizard gestures at you while chanting.
The magic dart hits you but does no damage.
You hear some strange, mumbled words.
Something tries to affect you, but you resist.
The orc wizard points at you and mumbles some strange words.
The magic dart hits you.
You bump into the closed door.
The orc wizard misses you.
You bump into the closed door.
You feel less invigorated.
The orc wizard hits you with a +0 dagger.
You hear some strange, mumbled words.
A puff of flame appears from out of thin air!
The puff of flame hits you but does no damage.
The orc wizard barely misses you.
You're too confused to move!
Something hits you but does no damage. The orc wizard barely misses you.
You bump into the rock wall.
The orc wizard barely misses you. Something hits you but does no damage.
The orc warrior misses you.
The orc wizard hits you but does no damage.
You're too confused to move!
Something hits you but does no damage. The orc wizard misses you.
The orc warrior hits you from afar with a +0 glaive!!
Ouch! That really hurt!
* * * LOW HITPOINT WARNING * * *
You're too confused to move!
The orc wizard hits you but does no damage.
Something hits you.
* * * LOW HITPOINT WARNING * * *
The orc wizard hits you but does no damage.
The orc warrior closely misses you.
You bump into the rock wall.
Something hits you but does no damage.
The orc wizard hits you but does no damage.
You barely miss something.
You feel less confused.
The orc wizard hits you but does no damage.
Your crimson imp says, "The Orb is all yours."
Something hits you but does no damage.
The orc warrior hits you from afar with a +0 glaive!
* * * LOW HITPOINT WARNING * * *
You hit something but do no damage. You bite something.
The orc wizard closely misses you.
Your crimson imp misses the orc wizard.
Something hits you.
You die...

#....#...+
.....
#....'...# ....
#...####'####'#
#...##...##...#
#...#.........#
#...##...##...#
#..) #...##.5o#
#... +......o.#
#...##.{@#
########+# ∆


You could see an orc warrior, an orc wizard and a friendly crimson imp.

Vanquished Creatures
  A bullfrog (D:3)
  A scorpion (D:7)
  2 adders (D:2)
  A worm (D:2)
  A dart slug (D:2)
  2 leopard geckos (D:3)
  A ball python (D:1)
  2 bats
  2 bat skeletons (D:3)
  A bat zombie (D:3)
  A giant cockroach (D:4)
  2 goblins (D:1)
  A hobgoblin (D:2)
  9 kobolds
  3 rats
30 creatures vanquished.

Vanquished Creatures (collateral kills)
  Duvessa (D:7)
  A centaur (D:7)
  Dowan (D:7)
  2 howler monkeys (D:7)
  A crimson imp (D:7)
  A hound (D:4)
  2 worker ants (D:7)
  A killer bee zombie (D:4)
  3 adders (D:3)
  An ooze (D:2)
  A worm (D:2)
  A dart slug (D:3)
  4 leopard geckos
  An orc (D:7)
  A bat skeleton (D:3)
  A bat zombie (D:3)
  A goblin (D:2)
  A hobgoblin (D:3)
  A jackal (D:2)
  A ball python (D:3)
  2 bats
  5 kobolds
  A rat (D:3)
35 creatures vanquished.

Vanquished Creatures (others)
  A plant (D:3)
1 creature vanquished.

Grand Total: 66 creatures vanquished

Notes
Turn   | Place    | Note
-------+----------+-------------------------------------------
     0 | D:1      | vurker the Gnoll Summoner began the quest for the Orb.
     0 | D:1      | Reached XP level 1. HP: 13/13 MP: 6/6
   465 | D:1      | Reached XP level 2. HP: 6/19 MP: 5/7
  1399 | D:2      | Found a sparkling altar of Nemelex Xobeh.
  1457 | D:2      | Reached XP level 3. HP: 25/25 MP: 9/9
  1494 | D:2      | Reached skill level 5 in Spellcasting
  1891 | D:2      | Reached skill level 1 in Invocations
  2176 | D:2      | Learned a level 2 spell: Call Imp
  2180 | D:2      | Learned a level 3 spell: Call Canine Familiar
  2297 | D:3      | Reached skill level 1 in Fighting
  2297 | D:3      | Reached skill level 1 in Short Blades
  2297 | D:3      | Reached skill level 1 in Long Blades
  2297 | D:3      | Reached skill level 1 in Axes
  2297 | D:3      | Reached skill level 1 in Maces & Flails
  2297 | D:3      | Reached skill level 1 in Polearms
  2297 | D:3      | Reached skill level 1 in Staves
  2297 | D:3      | Reached skill level 1 in Slings
  2297 | D:3      | Reached skill level 1 in Bows
  2297 | D:3      | Reached skill level 1 in Crossbows
  2297 | D:3      | Reached skill level 1 in Throwing
  2297 | D:3      | Reached skill level 1 in Armour
  2297 | D:3      | Reached skill level 1 in Shields
  2297 | D:3      | Reached skill level 1 in Unarmed Combat
  2297 | D:3      | Reached skill level 1 in Evocations
  2316 | D:3      | Found an ancient bone altar of Kikubaaqudgha.
  2605 | D:3      | Reached XP level 4. HP: 29/32 MP: 7/11
  2702 | D:3      | Found a faded altar of an unknown god.
  2791 | D:3      | Noticed a bullfrog
  2798 | D:3      | Killed a bullfrog
  2798 | D:3      | Reached skill level 1 in Conjurations
  2798 | D:3      | Reached skill level 1 in Hexes
  2798 | D:3      | Reached skill level 1 in Charms
  2798 | D:3      | Reached skill level 1 in Necromancy
  2798 | D:3      | Reached skill level 1 in Translocations
  2798 | D:3      | Reached skill level 1 in Transmutations
  2798 | D:3      | Reached skill level 1 in Fire Magic
  2798 | D:3      | Reached skill level 1 in Ice Magic
  2798 | D:3      | Reached skill level 1 in Air Magic
  2798 | D:3      | Reached skill level 1 in Earth Magic
  2798 | D:3      | Reached skill level 1 in Poison Magic
  2798 | D:3      | Reached XP level 5. HP: 34/37 MP: 12/12
  4008 | D:4      | You fall into a shaft and drop 3 floors!
  4191 | D:7      | Found a sacrificial altar of Ru.
  4576 | D:7      | Reached XP level 6. HP: 38/44 MP: 9/13
  4658 | D:7      | Noticed Duvessa
  4664 | D:7      | Noticed Dowan
  4705 | D:7      | Killed Duvessa
  4705 | D:7      | Reached skill level 5 in Dodging
  4710 | D:7      | Killed Dowan
  4990 | D:7      | Reached XP level 7. HP: 24/50 MP: 15/15
  5220 | D:6      | Slain by an orc wizard

Levels and vault maps discovered:
D:1:      lightli_arrival_chessboard, layout_basic, minmay_tiny_reverse_x
D:2:      layout_basic, nemelex_xobeh_ov_fountains_minmay,
          corexii_item_surrounded_by_moat, minmay_bisected
D:3:      layout_rooms, kennysheep_vampire_church,
          chequers_ecumenical_altar_island, lexackson_kobold_supper
D:4:      layout_gridville
D:6:      layout_gridville, minmay_temple_entry_overgrown, basic_altar,
          serial_park_tiny_1
D:7:      layout_cave_pods, nicolae_overflow_crystal_walls, uniq_duvessa

Skill      XL: |  1  2  3  4  5  6 |
---------------+-------------------+-----
Spellcasting   | 5 |  5.4
Invocations    | 1 2 |  2.4
Fighting       | 1 2 |  2.1
Short Blades   | 1 2 |  2.1
Long Blades    | 1 2 |  2.1
Axes           | 1 2 |  2.1
Maces & Flails | 1 2 |  2.1
Polearms       | 1 2 |  2.1
Staves         | 1 2 |  2.1
Slings         | 1 2 |  2.1
Bows           | 1 2 |  2.1
Crossbows      | 1 2 |  2.1
Throwing       | 1 2 |  2.1
Armour         | 1 2 |  2.1
Shields        | 1 2 |  2.1
Unarmed Combat | 1 2 |  2.1
Evocations     | 1 2 |  2.1
Conjurations   | 1 |  1.7
Hexes          | 1 |  1.7
Charms         | 1 |  1.7
Necromancy     | 1 |  1.7
Translocations | 1 |  1.7
Transmutations | 1 |  1.7
Fire Magic     | 1 |  1.7
Ice Magic      | 1 |  1.7
Air Magic      | 1 |  1.7
Earth Magic    | 1 |  1.7
Poison Magic   | 1 |  1.7
Dodging        | 5 |  5.1
Stealth        | |  4.7
Summonings     | |  7.3

Action                   |  1- 3 |  4- 6 |  7- 9 || total
-------------------------+-------+-------+-------++-------
Melee: Dagger            |   118 |   202 |     4 ||   324
       Short sword       |     4 |       |       ||     4
       Unarmed           |     3 |       |       ||     3
       Bite              |    10 |    30 |     2 ||    42
 Cast: Summon Small Mamm |    15 |     1 |       ||    16
       Call Imp          |     2 |    16 |     3 ||    21
       Call Canine Famil |     1 |     2 |       ||     3
Evoke: Wand              |       |     5 |       ||     5
  Use: Scroll            |       |     7 |       ||     7
       Potion            |       |     1 |     1 ||     2
 Stab: Sleeping          |     6 |     2 |       ||     8
       Distracted        |       |     1 |       ||     1
  Eat: Chunk             |     4 |     5 |     1 ||    10
       Ration            |       |     1 |       ||     1
Armor: Leather armour    |    54 |    50 |    11 ||   115
       Robe              |     1 |       |       ||     1
       Skin              |       |    17 |       ||    17
Dodge: Dodged            |   122 |   163 |     8 ||   293

Table legend:
 A = Non-vault XP
 B = Vault XP
 C = Vault XP percentage of total XP
 D = Non-vault monster count
 E = Vault monster count
 F = Vault count percentage of total count
                 A         B        C        D         E       F
            +---------+---------+-------+---------+---------+-------
      Total |     473 |     155 |  24.7 |      43 |      22 |  33.8
            +---------+---------+-------+---------+---------+-------
        D:1 |      18 |       2 |  10.0 |      11 |       2 |  15.4
        D:2 |      29 |      17 |  37.0 |       8 |       5 |  38.5
        D:3 |      98 |      20 |  16.9 |      13 |      13 |  50.0
        D:4 |      51 |       0 |   0.0 |       3 |       0 |   0.0
        D:7 |     277 |     116 |  29.5 |       8 |       2 |  20.0
            +---------+---------+-------+---------+---------+-------
